 Dungeon Crawl Stone Soup version 0.22.1-2-g9c5b331383 (webtiles) character file.

1757 Kenran the Grappler (level 9, 0/81 HPs)
             Began as a Naga Gladiator on Dec 14, 2018.
             Was a Follower of Uskayaw.
             Slain by a two-headed ogre
             ... wielding a +0 giant spiked club
              (16 damage)
             ... on level 6 of the Dungeon.
             The game lasted 00:15:23 (7920 turns).

Kenran the Grappler (Naga Gladiator)                Turns: 7920, Time: 00:15:24

Health: 0/81       AC:  9    Str: 20    XL:     9   Next: 6%
Magic:  12/12      EV:  9    Int:  8    God:    Uskayaw [*.....]
Gold:   354        SH:  0    Dex: 13    Spells: 8/8 levels left

rFire    . . .     SeeInvis +     - Unarmed
rCold    + . .     Gourm    .   (no shield)
rNeg     . . .     Faith    .   u - +0 ring mail {rC+}
rPois    +         Spirit   .   b - +0 helmet
rElec    .         Reflect  .   o - +0 cloak
rCorr    .         Harm     .   q - +0 pair of gloves
MR       ++...                  (no barding)
Stlth    +.........             (no amulet)
HPRegen  0.23/turn              i - ring of protection from magic
MPRegen  0.13/turn              (no ring)

@: short of breath, very slow
A: large, see invisible, deformed body, poison resistance, slowness 2, slow
metabolism 1, spit poison 1, AC +3
a: Spit Poison, Stomp, Renounce Religion


You were on level 6 of the Dungeon.
You worshipped Uskayaw.
Uskayaw was noncommittal.
You were very hungry.

You visited 1 branch of the dungeon, and saw 6 of its levels.
You also visited: Sewer and Ossuary.

You collected 354 gold pieces.

Inventory:

Missiles
 c - 5 throwing nets (quivered)
Armour
 b - a +0 helmet (worn)
 o - a +0 cloak (worn)
 q - a +0 pair of gloves (worn)
 u - a +0 ring mail of cold resistance (worn)
Jewellery
 i - a ring of protection from magic (left hand)
 x - an uncursed ring of fire {unknown}
 z - an uncursed ring of stealth {unknown}
 B - a +1 ring of evasion {unknown}
Wands
 e - a wand of paralysis (7)
Scrolls
 a - a scroll of enchant armour {unknown}
 g - 2 scrolls of amnesia {unknown}
 l - 3 scrolls of remove curse {unknown}
 m - a scroll of blinking {unknown}
 n - 5 scrolls of teleportation {@r4}
 p - 2 scrolls of magic mapping {unknown}
 r - 2 scrolls of enchant weapon
 v - a scroll of immolation {unknown}
 y - a scroll of fog {unknown}
Potions
 f - 4 potions of brilliance
 h - 8 potions of curing {@q1}
 j - 2 potions of heal wounds {@q2}
 k - 6 potions of agility {unknown}
 s - 5 potions of flight {unknown}
 t - 2 potions of might {unknown}
 w - a potion of mutation {unknown}
 A - a potion of degeneration {unknown}
Comestibles
 d - 6 rations


   Skills:
 - Level 5.0 Fighting
 - Level 1.7 Throwing
 + Level 3.2 Armour
 - Level 2.4 Dodging
 * Level 9.0 Unarmed Combat
 + Level 4.3 Invocations


You had 8 spell levels left.
You didn't know any spells.
Your spell library was empty.

Dungeon Overview and Level Annotations

Branches:
Dungeon (6/15)
 Temple: D:4-7

Altars:
Fedhas
Hepliaklqana
Kikubaaqudgha
Nemelex Xobeh
Sif Muna
Uskayaw


Innate Abilities, Weirdness & Mutations

You cannot wear boots.
Your serpentine skin is tough. (AC +3)
You have supernaturally acute eyesight. (SInv)
Armour fits poorly on your strangely shaped body.
Your system is resistant to poisons. (rPois)
You cover ground very slowly.
You have a slow metabolism.
You can spit poison.


Message History

The two-headed ogre hits you with a giant spiked club!
You can now pass through a line of other dancers.
You feel better.
The two-headed ogre hits you but does no damage.
The two-headed ogre hits you with a giant spiked club!
You have got your breath back.
Press: ? - help, Shift-Dir - straight line, f/p - two-headed ogre
Aim: a two-headed ogre, wielding two giant spiked clubs (severely wounded, The splash of poison hits the two-headed ogre.
The two-headed ogre appears unharmed.
The two-headed ogre is severely wounded.
You feel slightly more hungry.
The two-headed ogre hits you with a giant spiked club!
* * * LOW HITPOINT WARNING * * *
The two-headed ogre hits you with a giant spiked club.
* * * LOW HITPOINT WARNING * * *
You can no longer pass through a line of other dancers.
The two-headed ogre looks more healthy.
The two-headed ogre closely misses you.
The two-headed ogre hits you with a giant spiked club!
You die...

############# #...........#
#.#########.# #.#...# #.# #.#.#.#
#.# ###### #.#.#.# #.# #.....
#.#.#># #.# #.....
#.#.#.#####.#############.....
####.#.#>.......@O...............
.......#.###.#......########....#
####.#.......#......# ##...)#
#.#.#.##..#.############.....)
#.#.#..#...............#.....#
#.#.#.##..#.##########.#.....#
#.#.#.....#.###........#.##+##
#.#...........'........O......
#.#######.#.###.......O#.##..#


You could see a two-headed ogre.

Vanquished Creatures
  Grinder (D:6)
  An orc warrior (D:4)
  Duvessa (D:6)
  An ice beast (D:6)
  An elf zombie (Ossuary)
  A big kobold (D:4)
  Dowan (D:6)
  2 crimson imps (D:6)
  2 centaur zombies
  3 hounds
  2 human zombies (Ossuary)
  An orc priest (D:3)
  An orc wizard (D:4)
  2 bullfrog skeletons (D:4)
  A jelly (D:5)
  A centaur skeleton (D:4)
  2 iguanas (D:4)
  2 worker ants
  2 big kobold zombies (Ossuary)
  3 mummies (Ossuary)
  Robin (D:2)
  4 gnolls (D:3)
  5 adders
  10 river rats (D:5)
  3 oozes
  5 adder zombies (Ossuary)
  An adder skeleton (D:6)
  4 worms
  6 dart slugs
  5 leopard geckos
  10 orcs
  A ball python (D:4)
  12 bats
  7 giant cockroaches
  2 gnoll zombies (Ossuary)
  9 goblins
  9 hobgoblins
  23 jackals
  5 quokkas (D:5)
  4 frilled lizards
  2 goblin zombies (Ossuary)
  5 hobgoblin zombies (Ossuary)
  3 jackal zombies (Ossuary)
  43 kobolds
  5 kobold zombies (Ossuary)
  An orc zombie (Ossuary)
  2 quokka zombies
  26 rats
  5 rat zombies
  3 plants (D:4)
  A withered plant (D:4)
253 creatures vanquished.

Notes
Turn   | Place    | Note
-------+----------+-------------------------------------------
     0 | D:1      | Kenran the Naga Gladiator began the quest for the Orb.
     0 | D:1      | Reached XP level 1. HP: 19/19 MP: 1/1
   248 | D:1      | Reached XP level 2. HP: 23/26 MP: 2/2
   528 | D:1      | Reached skill level 4 in Unarmed Combat
   707 | D:1      | Reached XP level 3. HP: 32/32 MP: 3/3
  1626 | D:2      | Reached XP level 4. HP: 16/39 MP: 4/4
  1967 | D:2      | Reached skill level 5 in Unarmed Combat
  1973 | D:2      | Noticed Robin
  1987 | D:2      | Killed Robin
  2153 | D:2      | Found a sparkling altar of Nemelex Xobeh.
  2159 | D:2      | Found a blossoming altar of Fedhas.
  2159 | D:2      | Found a deep blue altar of Sif Muna.
  2385 | D:2      | Found a hide-covered altar of Uskayaw.
  2386 | D:2      | Found a hazy altar of Hepliaklqana.
  2703 | D:3      | Reached XP level 5. HP: 42/46 MP: 5/5
  2867 | D:3      | Found a glowing drain.
  2893 | Sewer    | Entered a sewer
  3327 | D:3      | Reached skill level 6 in Unarmed Combat
  3407 | D:3      | Reached XP level 6. HP: 41/56 MP: 6/6
  4009 | D:2      | Became a worshipper of Uskayaw the Reveler
  4027 | D:4      | Found an ancient bone altar of Kikubaaqudgha.
  4063 | D:4      | Reached * piety under Uskayaw
  4069 | D:4      | Reached ** piety under Uskayaw
  4355 | D:4      | Reached *** piety under Uskayaw
  4365 | D:4      | Reached **** piety under Uskayaw
  4375 | D:4      | Reached ***** piety under Uskayaw
  4620 | D:4      | Noticed an orc warrior
  4640 | D:4      | Killed an orc warrior
  4640 | D:4      | Reached skill level 7 in Unarmed Combat
  4640 | D:4      | Reached XP level 7. HP: 18/63 MP: 7/7
  5623 | D:5      | Entered Level 5 of the Dungeon
  5676 | D:5      | Found a sand-covered staircase.
  5691 | Ossuary  | Entered an ossuary
  5883 | Ossuary  | Reached skill level 8 in Unarmed Combat
  6200 | Ossuary  | Reached skill level 5 in Fighting
  6201 | Ossuary  | Reached XP level 8. HP: 67/74 MP: 8/8
  6330 | Ossuary  | Reached skill level 1 in Armour
  6330 | Ossuary  | Reached skill level 1 in Invocations
  7630 | D:6      | Noticed Duvessa
  7630 | D:6      | Noticed Dowan
  7647 | D:6      | Killed Duvessa
  7650 | D:6      | Killed Dowan
  7651 | D:6      | Noticed a two-headed ogre
  7796 | D:6      | Noticed Grinder
  7807 | D:6      | Killed Grinder
  7807 | D:6      | Reached skill level 9 in Unarmed Combat
  7807 | D:6      | Reached XP level 9. HP: 64/81 MP: 12/12
  7920 | D:6      | Slain by a two-headed ogre

Skill      XL: |  1  2  3  4  5  6  7  8 |
---------------+-------------------------+-----
Unarmed Combat | 4 5 6 7 8 9 |  9.0
Fighting       | 3 5 |  5.0
Armour         | 3 |  3.2
Invocations    | 4 |  4.3
Throwing       | |  1.7
Dodging        | |  2.4

Action                   |  1- 3 |  4- 6 |  7- 9 || total
-------------------------+-------+-------+-------++-------
Melee: Unarmed           |   129 |   382 |   497 ||  1008
       Punch             |     1 |     9 |    19 ||    29
 Abil: Spit Poison       |    10 |    15 |    10 ||    35
  Use: Scroll            |     2 |     3 |     2 ||     7
       Potion            |       |     1 |     1 ||     2
 Stab: Sleeping          |       |     1 |       ||     1
       Paralysed         |       |     1 |     6 ||     7
  Eat: Chunk             |     2 |     9 |     5 ||    16
       Ration            |       |       |     1 ||     1
Armor: Leather armour    |    38 |   103 |       ||   141
       Ring mail         |       |    53 |   184 ||   237
Dodge: Dodged            |    96 |   201 |   172 ||   469
